 Dungeon Crawl Stone Soup version 0.21.1-1-g345015f (webtiles) character file.

53 inc the Conjurer (level 3, 14/14 HPs)
             Began as a Felid Wizard on Feb 28, 2018.
             Quit the game on level 3 of the Dungeon.
             The game lasted 00:04:25 (3081 turns).

inc the Conjurer (Felid Wizard)                     Turns: 3081, Time: 00:04:25

Health: 14/14      AC:  1    Str:  3    XL:     3   Next: 64%
Magic:  8/8        EV: 17    Int: 20    God:
Gold:   168        SH:  0    Dex: 14    Spells: 2/8 levels left
                                        Lives:  0   Deaths: 1

rFire    . . .     SeeInvis +   (weapon unavailable)
rCold    . . .     Gourm    .   (shield unavailable)
rNeg     . . .     Faith    .   (armour unavailable)
rPois    .         Spirit   .   (helmet unavailable)
rElec    .         Reflect  .   (cloak unavailable)
rCorr    .         Harm     .   (gloves unavailable)
MR       .....                  (boots unavailable)
Stlth    +++.......             (no amulet)
HPRegen  0.04/turn              (no ring)
MPRegen  0.11/turn              (no ring)

@: quick
A: very small, no armour, no weapons or thrown items, stealth, claws 1, fangs 3,
see invisible, carnivore, speed 1, shaggy fur 1, slow metabolism 1, sharp paws
a: no special abilities


You were on level 3 of the Dungeon.
You were not hungry.

You visited 1 branch of the dungeon, and saw 3 of its levels.

You collected 168 gold pieces.

Inventory:

Scrolls
 c - 2 scrolls of remove curse {unknown}
 e - 2 scrolls of identify {unknown}
 g - 3 scrolls of immolation {unknown}
 i - a scroll of amnesia {unknown}
Potions
 d - a potion of resistance {unknown}
 f - a potion of haste {unknown}
 h - a potion of heal wounds {unknown}
 j - a potion of curing {unknown}
 k - a potion of cancellation {unknown}
Books
 a - a book of Minor Magic

   Spells                             Type                      Level
   a - Magic Dart                     Conjuration                  1
   b - Blink                          Translocation                2
   c - Call Imp                       Summoning                    2
   d - Slow                           Hexes                        2
   e - Conjure Flame                  Conjuration/Fire             3
   f - Mephitic Cloud                 Conjuration/Poison/Air       3
Comestibles
 b - 4 rations


   Skills:
 - Level 2.6 Dodging
 - Level 2.6 Stealth
 - Level 3.0 Spellcasting
 - Level 4.0 Conjurations
 + Level 1.4 Summonings
   Level 1.5 Translocations


You had 2 spell levels left.
You knew the following spells:

 Your Spells              Type           Power        Failure   Level  Hunger
a - Magic Dart            Conj           ###.         2%          1    None
b - Call Imp              Summ           #.......     12%         2    ##.....
c - Mephitic Cloud        Conj/Pois/Air  #.......     24%         3    ###....


Dungeon Overview and Level Annotations

Branches:
Dungeon (3/15)

Altars:
Ashenzari


Innate Abilities, Weirdness & Mutations

You cannot wear armour.
You are incapable of wielding weapons or throwing items.
Your paws allow you to move quietly. (Stealth)
You have sharp claws.
You have razor-sharp teeth.
You have supernaturally acute eyesight. (SInv)
You are carnivorous and can eat meat at any time.
You cover ground quickly.
You are covered in fur. (AC +1)
You have a slow metabolism.
Your sharp claws are effective at attacking unaware monsters.


Message History

Aim: a centaur (hasn't noticed you)
The magic dart hits the centaur.
The centaur shouts!
Casting: Magic Dart
Confirm with . or Enter, or press ? or * to list all spells.
A beastly little devil appears in a puff of frigid air.
The centaur hits you.
You swap places.
The centaur closely misses you. The centaur barely misses you.
Casting: Call Imp
Confirm with . or Enter, or press ? or * to list all spells.
A beastly little devil appears in a puff of flame.
Your white imp barely misses the centaur.
The centaur hits you!
The centaur wields a shortbow.
The centaur shoots an arrow.
The arrow hits you!
Ouch! That really hurt!
You die...
Your white imp hits the centaur but does no damage.
You are now level 3!
You rejoin the land of the living...
Are you sure you want to abandon this character and quit the game? (Confirm with "yes".)

##.........##.....## ..
#.##
.............†#.>.....##...
#.##
.................#.........
#.##
......................##...
#...
.###..........#..#....# ..
#... #....#.###.#.......# #
#... #....#.#
#.#.......########...
#....#.#
#.#####.........##... #...
#. #...@.....#####.##...
########..#####.##...
#............#
##.#####.###.# #.#####.#
#.. #.......# ### #########


There were no monsters in sight!

Vanquished Creatures
  4 adders (D:2)
  4 dart slugs
  4 leopard geckos
  A ball python (D:2)
  7 bats
  A giant cockroach (D:2)
  5 goblins
  3 hobgoblins
  6 jackals
  A quokka (D:2)
  6 frilled lizards
  9 kobolds
  8 rats
59 creatures vanquished.

Vanquished Creatures (collateral kills)
  2 worms (D:3)
  A leopard gecko (D:3)
  A giant cockroach (D:3)
  A rat (D:3)
5 creatures vanquished.

Grand Total: 64 creatures vanquished

Notes
Turn   | Place    | Note
-------+----------+-------------------------------------------
     0 | D:1      | inc the Felid Wizard began the quest for the Orb.
     0 | D:1      | Reached XP level 1. HP: 7/7 MP: 5/5
    27 | D:1      | Reached skill level 1 in Conjurations
   373 | D:1      | Reached XP level 2. HP: 5/11 MP: 0/7
   565 | D:1      | Reached skill level 2 in Conjurations
   622 | D:1      | Found a shattered altar of Ashenzari.
  1245 | D:2      | Reached XP level 3. HP: 14/14 MP: 4/8
  1557 | D:2      | Reached skill level 3 in Conjurations
  1904 | D:2      | Reached XP level 4. HP: 18/18 MP: 1/9
  2540 | D:3      | Reached skill level 4 in Conjurations
  2685 | D:3      | Learned a level 2 spell: Call Imp
  2689 | D:3      | Learned a level 3 spell: Mephitic Cloud
  3076 | D:3      | Noticed a centaur
  3080 | D:3      | Shot with an arrow by a centaur
  3081 | D:3      | Reached XP level 3. HP: 0/14 MP: 2/8
  3081 | D:3      | Quit the game

Skill      XL: |  1  2  3  4 |
---------------+-------------+-----
Conjurations   | 1 2 3 4 |  4.0
Dodging        | |  2.6
Stealth        | |  2.6
Spellcasting   | |  3.0
Summonings     | |  1.4
Translocations | |  1.5

Action                   |  1- 3 |  4- 6 || total
-------------------------+-------+-------++-------
Melee: Unarmed           |     1 |     1 ||     2
 Cast: Magic Dart        |    96 |    42 ||   138
       Call Imp          |       |     8 ||     8
  Eat: Chunk             |     3 |     3 ||     6
Dodge: Dodged            |    15 |     8 ||    23
